Map: Automaton LE

Players

Skitter - Winner!

  • Race: Zerg Zerg
  • League: Platinum
  • Spawn Location: 9:00

Jozrael

  • Race: Terran Terran
  • League: Platinum
  • Spawn Location: 3:00

VOD

Have the link to the VOD?

Description

Game 1 in a Bo3 amateur league match

Time

  • Played on: March 22, 2019, 11:02 p.m.
  • Length: 4:15
Show
View Real Time Build Order
Export as new Build Order

Skitter Zerg - Winner!

Build Orders: Pool Only, Ravager All-In 

Get SALT Encoding   

  12  0:01  Drone  
  13  0:09  Drone  
  14  0:31  Drone, Spawning Pool  
  14  0:43  Extractor, Drone  
  14  0:45  Overlord  
  14  0:54  Extractor, Drone  
  14  1:05  Drone x2  
  16  1:19  Roach Warren  
  16  1:20  Zergling x2  
  16  1:34  Overlord  
  16  1:59  Roach x2  
  16  2:00  Roach  
  22  2:10  Roach  
  24  2:23  Ravager x2  
  24  2:25  Roach  
  27  2:32  Ravager  
  27  2:34  Overlord  
  28  2:44  Overlord  
  28  2:47  Ravager  
  29  2:55  Roach  
  31  3:18  Roach  
  31  3:19  Roach  
  35  3:38  Roach  
  35  3:39  Roach  
  36  3:51  Ravager  
  36  3:52  Roach  
Show
View Real Time Build Order
Export as new Build Order

Jozrael Terran 

Build Orders: Reaper Expand 

Get SALT Encoding   

  12  0:00  SCV  
  13  0:12  SCV  
  14  0:19  Supply Depot  
  14  0:25  SCV  
  15  0:41  SCV  
  15  0:42  Barracks  
  16  0:48  Refinery  
  16  0:53  SCV  
  17  1:05  SCV  
  18  1:17  SCV  
  19  1:29  Orbital Command  
  19  1:33  Reaper  
  20  1:47  Command Center  
  20  1:55  SCV  
  20  1:56  Supply Depot  
  21  2:05  Marine  
  21  2:07  SCV  
  23  2:21  Factory  
  23  2:27  Barracks Reactor  
  23  2:31  SCV  
  24  2:37  Barracks  
  24  2:43  SCV  
  25  2:59  Orbital Command, Command Center  
  25  3:02  SCV  
  25  3:17  Barracks Tech Lab, Hellion  
  27  3:33  Hellion  
  26  3:39  Marine  
  25  3:45  SCV x2  
  24  3:56  Marine  
Tags
 
Add a new tag
Caveats
  • Supply blocks, unpowered buildings, or Contaminate may cause inaccurate times.
  • Supply counts are checked every 10 seconds.